 Dungeon Crawl Stone Soup version 0.21.1-1-g345015f (webtiles) character file.

320 Grenin the Cudgeler (level 6, 0/56 HPs)
             Began as a Hill Orc Berserker on Mar 9, 2018.
             Was a Believer of Trog.
             Slain by a worm (12 damage)
             ... on level 3 of the Dungeon.
             The game lasted 00:13:47 (1743 turns).

Grenin the Cudgeler (Hill Orc Berserker)            Turns: 1743, Time: 00:13:48

Health: 0/56       AC:  2    Str: 22    XL:     6   Next: 46%
Magic:  6/6        EV: 12    Int:  7    God:    Trog [**....]
Gold:   134        SH:  0    Dex: 10    Spells: 5/5 levels left

rFire    . . .     SeeInvis .   a - +0 mace
rCold    . . .     Gourm    .   (no shield)
rNeg     . . .     Faith    .   b - +0 animal skin
rPois    .         Spirit   .   (no helmet)
rElec    .         Reflect  .   (no cloak)
rCorr    .         Harm     .   (no gloves)
MR       .....                  (no boots)
Stlth    ..........             (no amulet)
HPRegen  0.18/turn              i - ring of loudness
MPRegen  0.10/turn              (no ring)

@: berserk cooldown, slowed, very slow
A: no striking features
a: Berserk, Trog's Hand, Burn Spellbooks, Renounce Religion


You were on level 3 of the Dungeon.
You worshipped Trog.
Trog was pleased with you.
You were not hungry.

You visited 1 branch of the dungeon, and saw 3 of its levels.

You collected 134 gold pieces.

Inventory:

Hand Weapons
 a - a +0 mace (weapon)
 d - a +0 club
 e - a +0 club
 f - a +0 dagger
Armour
 b - a +0 animal skin (worn)
Magical Staves
 h - an uncursed staff of power {unknown}
Jewellery
 i - a ring of loudness (left hand)
Scrolls
 g - 2 scrolls of fog
 o - a scroll of remove curse
 p - 2 scrolls of amnesia
Potions
 j - a potion of heal wounds
 k - a potion of mutation
 l - a potion of haste {unknown}
 m - a potion of might
 n - a potion of agility
 q - a potion of degeneration {unknown}
Comestibles
 c - 4 rations
 r - 2 chunks of flesh


   Skills:
 + Level 5.1 Fighting
 + Level 5.8 Maces & Flails
 + Level 2.4 Armour
 + Level 2.9 Dodging
 + Level 0.5 Stealth


You had 5 spell levels left.
You didn't know any spells.

Dungeon Overview and Level Annotations

Branches:
Dungeon (3/15)

Altars:
Hepliaklqana
Trog
Uskayaw
Xom


Message History

The rat barely misses you. x2; The moth of wrath goads the worm on!
The worm goes berserk!
The rat bites you. The worm bites you. The worm bites you!
You eat one of the 5 rations.
That ration really hit the spot!
The rat bites you. The worm misses you. The rat barely misses you.
The worm bites you.
* * * LOW HITPOINT WARNING * * *
There isn't anything here!
You thump the worm!
The worm is severely wounded.
The rat bites you.
* * * LOW HITPOINT WARNING * * *
The rat bites you but does no damage. The worm closely misses you. x2
The rat closely misses you. The worm misses you.
You sock the worm!
The worm is almost dead.
The rat bites you.
* * * LOW HITPOINT WARNING * * *
The rat misses you. The worm misses you. The worm bites you!
You die...

###....## #.## #.#
##.......###..# #.#
#.).......# ..# #.##
##....#....# #.## #.#.
#....###...###..# #.#.
#)._.#y#........## #.#.
#....###...##....# #.#.
#)..r#r...###.#.####'#.
#...rw@...# #.#........
##)..w...## #.#........
###....## #.#........
###### #.#........
#.#.(...... #.........#
..........# ##........#
+........#


You could see a moth of wrath, 2 worms and 3 rats.

Vanquished Creatures
  Sigmund (D:2)
  An ice beast (D:3)
  2 gnolls (D:1)
  2 adders (D:3)
  2 worms (D:3)
  6 bats
  3 giant cockroaches
  2 goblins
  4 hobgoblins
  2 jackals (D:2)
  A frilled lizard (D:1)
  A kobold (D:1)
  7 rats
34 creatures vanquished.

Notes
Turn   | Place    | Note
-------+----------+-------------------------------------------
     0 | D:1      | Grenin the Hill Orc Berserker began the quest for the Orb.
     0 | D:1      | Reached XP level 1. HP: 19/19 MP: 1/1
   101 | D:1      | Reached XP level 2. HP: 12/27 MP: 2/2
   414 | D:1      | Reached XP level 3. HP: 28/33 MP: 3/3
   576 | D:2      | Found a hide-covered altar of Uskayaw.
   824 | D:2      | Found a hazy altar of Hepliaklqana.
   826 | D:2      | Found a shimmering altar of Xom.
   827 | D:2      | Noticed a spectral ugly thing
   899 | D:2      | Noticed Sigmund
   913 | D:2      | Killed Sigmund
   913 | D:2      | Reached skill level 5 in Maces & Flails
   913 | D:2      | Reached XP level 4. HP: 10/41 MP: 4/4
   913 | D:2      | Reached XP level 5. HP: 12/47 MP: 5/5
  1384 | D:2      | Reached skill level 5 in Fighting
  1505 | D:3      | Found a faded altar of an unknown god.
  1551 | D:3      | Noticed an ice beast
  1564 | D:3      | Killed an ice beast
  1564 | D:3      | Reached ** piety under Trog
  1564 | D:3      | Reached XP level 6. HP: 6/56 MP: 6/6
  1727 | D:3      | Noticed a moth of wrath
  1731 | D:3      | Found a bloodstained altar of Trog.
  1743 | D:3      | Slain by a worm

Skill      XL: |  1  2  3  4  5 |
---------------+----------------+-----
Fighting       | 4 5 |  5.1
Maces & Flails | 5 |  5.8
Dodging        | 2 |  2.9
Armour         | |  2.4
Stealth        | |  0.5

Action                   |  1- 3 |  4- 6 || total
-------------------------+-------+-------++-------
Melee: Mace              |    64 |    55 ||   119
Invok: Berserk           |     1 |     2 ||     3
  Use: Scroll            |     2 |     6 ||     8
       Potion            |     1 |       ||     1
  Eat: Ration            |       |     2 ||     2
       Chunk             |       |     1 ||     1
Armor: Animal skin       |    18 |    30 ||    48
       Skin              |     4 |       ||     4
Dodge: Dodged            |    68 |    90 ||   158
